 Dungeon Crawl Stone Soup version 0.31-a0-654-gbe3e110b4e (webtiles) character file.

Game seed: 1018997715604776103

7 holysushi the Cutter (level 2, 19/19 HPs)
             Began as a Kobold Monk on Aug 29, 2023.
             Quit the game on level 1 of the Dungeon.
             The game lasted 00:00:24 (1136 turns).

holysushi the Cutter (Kobold Monk)                  Turns: 1136, Time: 00:00:24

Health: 19/19      AC:  2    Str:  8    XL:     2   Next: 10%
Magic:  2/2        EV: 16    Int: 11    God:
Gold:   49         SH:  0    Dex: 17    Spells: 1/1 levels left

rFire   . . .        a - +0 short sword
rCold   . . .        d - orb {light}
rNeg    . . .        b - +0 robe
rPois   .            (no helmet)
rElec   .            (no cloak)
rCorr   .            (no gloves)
SInv    .            (no boots)
Will    .....        (no amulet)
Stlth   +            (no ring)
HPRegen 0.23/turn    (no ring)
MPRegen 0.08/turn

%: no passive effects
@: glowing, very slow
A: small, no large weapons, nightstalker 3
a: no special abilities


You were on level 1 of the Dungeon.
You visited 1 branch of the dungeon, and saw 1 of its levels.

You collected 49 gold pieces.

Inventory:

Hand Weapons
 a - a +0 short sword (weapon)
Armour
 b - a +0 robe (worn)
 d - an orb of light (worn)
Scrolls
 e - a scroll of enchant armour {unknown}
 f - a scroll of immolation
 h - a scroll of amnesia {unknown}
Potions
 c - a potion of ambrosia
 g - a potion of berserk rage {unknown}
 i - a potion of curing {unknown}
 j - 2 potions of heal wounds {unknown}


   Skills:
 - Level 3.2 Fighting
 + Level 4.7 Short Blades
 - Level 3.6 Dodging


You had one spell level left.
You didn't know any spells.
Your spell library contained the following spells:

 Spells                   Type           Power      Damage    Failure   Level
 Sandblast                Erth           0%         2d4       34%         1
 Passwall                 Tmut/Erth      0%         N/A       47%         2
 Stone Arrow              Conj/Erth      0%         3d7       71%         3


Dungeon Overview and Level Annotations

Branches:
Dungeon (1/15) Zot: 4861

Altars:


Innate Abilities, Weirdness & Mutations

You are small and have problems with some larger weapons.
You are completely attuned to the shadows.


Message History

You hit the hobgoblin but do no damage. The hobgoblin closely misses you.
A hobgoblin is nearby!
You hit the hobgoblin.
The hobgoblin is moderately wounded.
A hobgoblin is nearby!
You hit the hobgoblin.
The hobgoblin is heavily wounded.
The hobgoblin hits you but does no damage.
You hit the hobgoblin.
The hobgoblin is almost dead.
The hobgoblin misses you.
You barely miss the hobgoblin.
The hobgoblin is almost dead.
The hobgoblin misses you.
You hit the hobgoblin.
You kill the hobgoblin!
No target in view!
You see here a hobgoblin corpse.
There is an open door here.
There is an open door here.
There is an open door here.
You open the door.
There is an open door here.
You open the door.
There is an open door here.
Key pressed, stopping explore.
No target in view!
There is an open door here.
You open the door.
There is an open door here.
You enter the shallow water.
Moving in this stuff is going to be slow.
Done exploring.
No target in view!
Done exploring.
Done exploring.
No target in view!
Done exploring.
Done exploring.
Are you sure you want to abandon this character and quit the game? (Confirm with "yes".)

#.# #.#P..#.......##.###....
#.###.#~PPP....##.##.##.....
#.....P~~~~PPP###.##.#......
######~~~P♣~~~.##.##.......#
#P~♣♣♣♣♣PPP##......<..## #P~♣
♣♣~P#####.......# #P~♣♣♣♣♣♣~P#
#.#...... ### #~P~P~~P~~.#
#.##..... ##.## ##.~P~P@PP##
#.###.... ##.#.###...~PP~..#
#..###... ##.###.##.###.PP#.#
##.####.. ##.## ##.#.####.##.#
#..# ##. #.## ##....##.##.##
####.## ## ##.##
##.#.#.##.#...####..#..## #
##.###.##.#.##......#....##..##
##.#.###.#.##.#...##.#.####..##
##.## #......##.###.#.##.##..#


There were no monsters in sight!

Vanquished Creatures
  2 hobgoblins (D:1)
  3 quokkas (D:1)
  A ball python (D:1)
6 creatures vanquished.

Notes
Turn   | Place    | Note
-------+----------+-------------------------------------------
     0 | D:1      | holysushi the Kobold Monk began the quest for the Orb.
     0 | D:1      | Reached XP level 1. HP: 14/14 MP: 1/1
   156 | D:1      | Found a faded altar of an unknown god.
   546 | D:1      | Reached XP level 2. HP: 17/19 MP: 2/2
  1136 | D:1      | Quit the game

Illustrated notes

Levels and vault maps discovered:
D:1:      dpeg_arrival_central, layout_loops_corners,
          hellmonk_ecumenical_altar_blasted, serial_bayou_pond_c, minivault_11

Action                     || total
---------------------------++-------
  Melee: Short sword       ||    33
 Armour: Robe              ||     5
  Dodge: Dodged            ||    27

Table legend: (Time is in decaauts)
 A = Elapsed time spent in this place.
 B = Non-inter-level travel time spent in this place.
 C = Inter-level travel time spent in this place.
 D = Time resting spent in this place.
 E = Time spent auto-exploring this place.
 F = Levels seen in this place.
 G = Mean time per level.
                   A        B        C        D        E       F      G
               +--------+--------+--------+--------+--------+-----+--------+
         Total |   1138 |   1138 |      0 |      0 |   1068 |   1 | 1138.0 |
       Dungeon |   1138 |   1138 |      0 |      0 |   1068 |   1 | 1138.0 |
               +--------+--------+--------+--------+--------+-----+--------+

Top non-repeatable levels by time:
     D:1: 1138 daAuts
